 Dungeon Crawl Stone Soup version 0.19.5 (webtiles) character file.

2907 sankara the Destroyer (level 9, 0/79 HPs)
             Began as a Red Draconian Conjurer on Mar 24, 2017.
             Was an Initiate of Vehumet.
             Slain by a brown ugly thing (14 damage)
             ... on level 9 of the Dungeon.
             The game lasted 00:34:56 (9948 turns).

sankara the Destroyer (Red Draconian Conjurer)      Turns: 9948, Time: 00:34:57

Health: 0/79       AC:  4    Str:  8    XL:     9   Next: 49%
Magic:  15/15      EV: 15    Int: 17    God:    Vehumet [......]
Gold:   481        SH:  0    Dex: 14    Spells: 5 memorised, 3 levels left

rFire  + . .     SeeInvis .     A - +8 mace of the Shining Light {crush, rC++ Str-2}
rCold  + + +     Gourm    .     (armour unavailable)
rNeg   . . .     Faith    .     (no shield)
rPois  .         Spirit   .     (helmet restricted)
rElec  .         Reflect  .     (no cloak)
rCorr  .         Harm     .     (no gloves)
MR     .....                    r - +0 pair of boots
Stlth  ++........               (no amulet)
                                (no ring)
                                m - ring of protection from cold

@: corroded
A: breathe fire, unfitting armour, fire resistance 1, cold-blooded, AC +7
a: Breathe Fire, Renounce Religion


You were on level 9 of the Dungeon.
You worshipped Vehumet.
Vehumet was noncommittal.
You were not hungry.

You visited 2 branches of the dungeon, and saw 10 of its levels.
You also visited: Sewer.

You collected 481 gold pieces.

Inventory:

Hand Weapons
 h - a +1 short sword of protection
 A - the +8 mace of the Shining Light (weapon) {crush, rC++ Str-2}
   (You found it on level 3 of the Dungeon)

   It inflicts extra damage upon your enemies.
   It affects your strength (-2).
   It greatly protects you from cold.
Missiles
 s - 312 stones (quivered)
Armour
 r - a +0 pair of boots (worn)
Jewellery
 m - a ring of protection from cold (left hand)
 I - an uncursed amulet of guardian spirit
Wands
 g - a wand of flame (47/48)
 G - a wand of random effects (19/48)
 J - a wand of disintegration (15/24)
Scrolls
 c - 6 scrolls of identify
 d - a scroll of summoning {unknown}
 e - a scroll of magic mapping {unknown}
 i - a scroll of amnesia {unknown}
 j - 2 scrolls of fog
 k - 2 scrolls of recharging
 n - 3 scrolls of noise {unknown}
 q - 6 scrolls of remove curse {unknown}
 t - 3 scrolls of teleportation {unknown}
 v - 2 scrolls of immolation {unknown}
 w - 3 scrolls of fear {unknown}
 y - 2 scrolls of blinking {unknown}
 D - a scroll of enchant armour {unknown}
 E - a scroll of enchant weapon {unknown}
Potions
 f - 2 potions of cancellation
 o - a potion of mutation {unknown}
 u - a potion of beneficial mutation
 z - a potion of might
 F - a potion of lignification
Books
 a - a book of Conjurations

   Spells                             Type                      Level
   a - Magic Dart                     Conjuration                  1
   b - Searing Ray                    Conjuration                  2
   c - Dazzling Spray                 Conjuration/Hexes            3
   d - Fulminant Prism                Conjuration/Hexes            4
   e - Iskenderun's Mystic Blast      Conjuration                  4
   f - Iskenderun's Battlesphere      Conjuration/Charms           5
 l - a book of Cantrips

   Spells                             Type                      Level
   a - Confusing Touch                Hexes                        1
   b - Animate Skeleton               Necromancy                   1
   c - Summon Small Mammal            Summoning                    1
   d - Apportation                    Translocation                1
Comestibles
 b - 11 bread rations
 p - 4 meat rations
 x - 5 fruits
 B - 2 beef jerkies
 C - a slice of pizza


   Skills:
 + Level 7.3 Fighting
 + Level 6.2 Dodging
 - Level 1.7 Stealth
 - Level 4.3 Spellcasting
 + Level 8.5 Conjurations
 - Level 3.0 Evocations


You had 3 spell levels left.
You knew the following spells:

 Your Spells              Type           Power        Failure   Level  Hunger
a - Magic Dart            Conj           ####         1%          1    None
b - Dazzling Spray        Conj/Hex       ###...       10%         3    ###....
c - Iskenderun's Mystic   Conj           ####....     6%          4    ####...
d - Fulminant Prism       Conj/Hex       ###.......   30%         4    ####...
e - Apportation           Tloc           #.........   17%         1    None


Dungeon Overview and Level Annotations

Branches:
Dungeon (9/15)             Temple (1/1) D:7
   Lair: D:8-11         Orc: D:9-12

Altars:
Ashenzari
Cheibriados
Dithmenos
Elyvilon
Fedhas
Gozag
Kikubaaqudgha
Makhleb
Nemelex Xobeh
Okawaru
Qazlal
Ru
Sif Muna
Trog
Uskayaw
Vehumet
Xom
Yredelemnul
Zin
The Shining One


Innate Abilities, Weirdness & Mutations

You can breathe blasts of fire.
Your fiery red scales are hard. (AC +7)
You cannot fit into any form of body armour.
Your flesh is heat resistant. (rF+)
You are cold-blooded and may be slowed by cold attacks.


Message History

The brown ugly thing closely misses you.
You hit the brown ugly thing.
The brown ugly thing is lightly wounded.
The brown ugly thing closely misses you.
The brown ugly thing tail-slaps you!
You are splashed with acid!
The acid burns!
You barely miss the brown ugly thing.
The brown ugly thing is lightly wounded.
The brown ugly thing tail-slaps you! The acid corrodes you!
You are splashed with acid!
The acid burns!
A hungry ghost comes into view.
You hit the brown ugly thing but do no damage.
The brown ugly thing is lightly wounded.
The brown ugly thing tail-slaps you!
You are splashed with acid!
The acid burns!
* * * LOW HITPOINT WARNING * * *
You are too injured to fight recklessly!
You are too injured to fight recklessly!
The brown ugly thing tail-slaps you!
You die...

....$.. .## #.....## #..
########## #[...... ...
.......... #.....W# #.#
######.## #......# #.#
#.# #......# #.# #.#
#......###.###########.#
#......u##.............#
#.....>.@..............#
##+##...#####....#####.#
##+## ###### #..# ....
<#.. . .. ..


You could see a brown ugly thing.

Vanquished Creatures
  A hippogriff (D:7)
  A spriggan (D:7)
  A wyvern (D:4)
  Menkaure (D:7)
  3 sky beasts
  3 ogres
  A phantom (D:8)
  A necrophage (D:8)
  5 centaurs
  3 bullfrogs
  5 crimson imps
  2 hounds
  An orc priest (D:3)
  3 jellies
  5 orc wizards
  Ijyb (D:2)
  An iguana (D:5)
  11 worker ants
  12 adders
  A shadow imp (D:5)
  An ooze (D:1)
  4 dart slugs
  6 leopard geckos
  26 orcs
  6 ball pythons
  4 giant cockroaches
  13 goblins
  7 hobgoblins
  10 jackals
  9 kobolds
  7 quokkas
  7 bats
  8 frilled lizards
  A leopard gecko zombie (D:3)
  7 rats
178 creatures vanquished.

Vanquished Creatures (others)
  A quokka (D:4)
1 creature vanquished.

Grand Total: 179 creatures vanquished

Notes
Turn   | Place    | Note
-------+----------+-------------------------------------------
     0 | D:1      | sankara the Draconian Conjurer began the quest for the Orb.
     0 | D:1      | Reached XP level 1. HP: 14/14 MP: 3/3
   180 | D:1      | Reached XP level 2. HP: 20/20 MP: 1/5
   885 | D:1      | Reached XP level 3. HP: 20/26 MP: 7/7
  1019 | D:1      | Learned a level 3 spell: Dazzling Spray
  1461 | D:2      | Reached XP level 4. HP: 31/34 MP: 8/8
  1698 | D:2      | Noticed Ijyb
  1731 | D:2      | Killed Ijyb
  1731 | D:2      | Reached skill level 1 in Fighting
  1731 | D:2      | Reached skill level 5 in Conjurations
  1918 | D:3      | Learned a level 4 spell: Iskenderun's Mystic Blast
  1983 | D:3      | Found a glowing drain.
  2022 | Sewer    | Entered a sewer
  2380 | Sewer    | Reached XP level 5. HP: 41/41 MP: 3/9
  3749 | D:3      | Reached skill level 1 in Evocations
  3892 | D:3      | Got a jewelled mace
  3896 | D:3      | Identified the +8 mace of the Shining Light {crush, rC++ Str-2} (You found it on level 3 of the Dungeon)
  4221 | D:4      | Reached XP level 6. HP: 45/49 MP: 5/11
  4235 | D:4      | Learned a level 4 spell: Fulminant Prism
  4794 | D:4      | Found a basalt altar of Yredelemnul.
  4802 | D:4      | Noticed a profane servitor
  4987 | D:4      | Gained mutation: Your spells are a little harder to cast, but a little more powerful. [potion of beneficial mutation]
  4990 | D:4      | HP: 3/73 [poison (dark miasma)]
  5307 | D:4      | Found a glowing golden altar of the Shining One.
  5348 | D:4      | Noticed a wyvern
  5357 | D:4      | Killed a wyvern
  5357 | D:4      | Your scales start taking on a fiery red colour.
  5357 | D:4      | Reached XP level 7. HP: 40/57 MP: 12/12
  5357 | D:4      | Gained mutation: Your flesh is heat resistant. (rF+) [Red Draconian growth]
  5766 | D:4      | Noticed an angel
  5796 | D:5      | Entered Level 5 of the Dungeon
  6000 | D:5      | Reached skill level 6 in Conjurations
  6030 | D:5      | Lost mutation: Your spells are a little harder to cast, but a little more powerful. [mutagenic meat]
  6031 | D:5      | Gained mutation: Your magical capacity is low. (-10% MP) [mutagenic meat]
  6032 | D:5      | Gained mutation: You are weak. (Str -2) [mutagenic meat]
  6033 | D:5      | Gained mutation: You are robust. (+10% HP) [mutagenic meat]
  6033 | D:5      | Lost mutation: You are weak. (Str -2) [potion of cure mutation]
  6033 | D:5      | Lost mutation: Your magical capacity is low. (-10% MP) [potion of cure mutation]
  6033 | D:5      | Lost mutation: You are robust. (+10% HP) [potion of cure mutation]
  6180 | D:5      | Found an ancient bone altar of Kikubaaqudgha.
  6542 | D:6      | Reached XP level 8. HP: 34/66 MP: 4/14
  6964 | D:6      | Found a radiant altar of Vehumet.
  6991 | D:6      | Found a burning altar of Makhleb.
  7567 | D:6      | Reached skill level 5 in Fighting
  7571 | D:6      | Learned a level 1 spell: Apportation
  7675 | D:7      | Reached skill level 7 in Conjurations
  7842 | D:7      | Found a staircase to the Ecumenical Temple.
  7874 | Temple   | Entered the Ecumenical Temple
  8065 | D:7      | Noticed Menkaure
  8066 | D:7      | Noticed a hippogriff
  8081 | D:7      | Killed a hippogriff
  8081 | D:7      | Reached skill level 5 in Dodging
  8085 | D:7      | Killed Menkaure
  8469 | D:6      | Became a worshipper of Vehumet
  8538 | D:7      | Found a sparkling altar of Nemelex Xobeh.
  8539 | D:7      | Found a bloodstained altar of Trog.
  8540 | D:7      | Found an ancient bone altar of Kikubaaqudgha.
  8551 | D:7      | Reached XP level 9. HP: 19/75 MP: 6/15
  8553 | D:7      | Found a snail-covered altar of Cheibriados.
  8553 | D:7      | Found a shadowy altar of Dithmenos.
  8553 | D:7      | Found a shattered altar of Ashenzari.
  8930 | D:7      | Found a burning altar of Makhleb.
  8932 | D:7      | Found a glowing silver altar of Zin.
  8932 | D:7      | Noticed an angel
  8935 | D:7      | Noticed a green death
  8984 | D:8      | Found a stormy altar of Qazlal.
  8988 | D:8      | Reached skill level 8 in Conjurations
  9288 | D:8      | Found an ancient bone altar of Kikubaaqudgha.
  9941 | D:9      | Noticed a brown ugly thing
  9948 | D:9      | Slain by a brown ugly thing

Skill      XL: |  1  2  3  4  5  6  7  8  9 |
---------------+----------------------------+-----
Spellcasting   | 3 4 |  4.3
Dodging        | 2 3 5 6 |  6.2
Fighting       | 1 2 3 4 6 7 |  7.3
Conjurations   | 5 6 7 8 |  8.5
Evocations     | 1 2 3 |  3.0
Stealth        | |  1.7

Action                   |  1- 3 |  4- 6 |  7- 9 || total
-------------------------+-------+-------+-------++-------
Melee: Unarmed           |    12 |       |       ||    12
       Tailslap          |    10 |    11 |    13 ||    34
       Short sword       |    64 |    74 |       ||   138
       Dagger            |     6 |       |       ||     6
       Mace              |       |    49 |   184 ||   233
 Cast: Magic Dart        |    50 |   139 |    47 ||   236
       Dazzling Spray    |       |     1 |     6 ||     7
  Use: Scroll            |       |     3 |     1 ||     4
       Potion            |       |     6 |     3 ||     9
 Stab: Sleeping          |       |     1 |     6 ||     7
  Eat: Chunk             |     2 |    12 |    20 ||    34
Armor: Skin              |    28 |    86 |    63 ||   177
Dodge: Dodged            |    56 |   143 |   172 ||   371
